Map: Ley Lines

Players

wootwoot - Winner!

  • Race: Protoss Protoss
  • League: Silver
  • Spawn Location: 7:00

robinwood

  • Race: Terran Terran
  • League: Gold
  • Spawn Location: 1:00

VOD

Have the link to the VOD?

Description

Time

  • Played on: April 21, 2025, 10:53 a.m.
  • Length: 4:21
Show
View Real Time Build Order
Export as new Build Order

wootwoot Protoss - Winner!

Build Orders:  

Get SALT Encoding   

  12  0:02  Probe  
  14  0:14  Probe  
  14  0:22  Pylon  
  14  0:26  Probe  
  15  0:40  Gateway  
  15  0:42  Assimilator  
  15  0:49  Pylon  
  15  1:07  Gateway  
  15  1:15  Gateway  
  15  1:29  Cybernetics Core  
  15  1:34  Probe  
  16  1:46  Probe  
  17  1:54  Stalker x2  
  21  2:20  Stalker x2  
  25  2:42  Stalker  
  27  2:56  Stalker  
  27  3:02  Pylon  
  29  3:23  Stalker, Probe  
  32  3:35  Probe  
  32  3:36  Stalker  
  35  3:47  Probe  
  35  3:48  Assimilator  
  36  3:54  Pylon  
  36  3:59  Probe  
Show
View Real Time Build Order
Export as new Build Order

robinwood Terran 

Build Orders:  

Get SALT Encoding   

  12  0:05  SCV  
  13  0:18  SCV  
  14  0:21  Supply Depot  
  14  0:38  SCV  
  15  0:50  SCV  
  16  1:02  Supply Depot, SCV  
  17  1:14  SCV  
  18  1:26  SCV  
  19  1:35  Barracks  
  19  1:38  SCV  
  20  1:41  Command Center  
  20  1:47  Barracks  
  20  1:50  SCV  
  21  2:06  Supply Depot  
  21  2:15  SCV  
  21  2:27  SCV  
  21  2:28  Bunker  
  21  2:29  Marine  
  22  2:39  SCV  
  21  2:47  Marine  
  20  2:51  SCV  
  20  2:56  Marine  
  21  3:04  Marine  
  17  3:14  Marine  
  13  3:23  Supply Depot  
  6  3:50  Marine  
Tags
 
Matchup
PvT
Replay Pack
#1B2M-Replays
Spawn Locations
Cross Positions
Add a new tag
Caveats
  • Supply blocks, unpowered buildings, or Contaminate may cause inaccurate times.
  • Supply counts are checked every 10 seconds.